 Dungeon Crawl Stone Soup version 0.22-b1-21-g5cfc168 (webtiles) character file.

37 Tuzaro the Charmwright (level 3, -2/24 HPs)
             Began as a Halfling Skald on Aug 4, 2018.
             Slain by a worm (7 damage)
             ... on level 2 of the Dungeon.
             The game lasted 00:04:21 (1382 turns).

Tuzaro the Charmwright (Halfling Skald)             Turns: 1382, Time: 00:04:21

Health: -2/24      AC:  3    Str: 13    XL:     3   Next: 60%
Magic:  5/5        EV: 15    Int: 11    God:
Gold:   64         SH:  0    Dex: 13    Spells: 4/5 levels left

rFire    . . .     SeeInvis .   a - +0 short sword
rCold    . . .     Gourm    .   (shield restricted)
rNeg     . . .     Faith    .   b - +0 leather armour
rPois    .         Spirit   .   (no helmet)
rElec    .         Reflect  .   (no cloak)
rCorr    .         Harm     .   (no gloves)
MR       .....                  (no boots)
Stlth    +++.......             (no amulet)
HPRegen  0.08/turn              e - ring of stealth
MPRegen  0.09/turn              (no ring)

@: no status effects
A: small, mutation resistance 1
a: no special abilities


You were on level 2 of the Dungeon.
You were hungry.

You visited 1 branch of the dungeon, and saw 2 of its levels.

You collected 64 gold pieces.

Inventory:

Hand Weapons
 a - a +0 short sword (weapon)
Missiles
 c - 49 stones (quivered)
 j - 10 poisoned needles
Armour
 b - a +0 leather armour (worn)
Jewellery
 e - a ring of stealth (left hand)
Scrolls
 f - a scroll of remove curse {unknown}
 i - a scroll of identify {unknown}
 m - 2 scrolls of teleportation {unknown}
Potions
 g - a potion of flight {unknown}
 h - a potion of mutation {unknown}
 l - a potion of brilliance {unknown}
Comestibles
 d - 3 rations
 k - a chunk of flesh


   Skills:
 + Level 2.0 Fighting
 + Level 2.8 Short Blades
 + Level 1.2 Armour
 * Level 2.8 Dodging
 * Level 1.4 Stealth
 + Level 1.7 Spellcasting
 + Level 3.5 Charms


You had 4 spell levels left.
You knew the following spells:

 Your Spells              Type           Power        Failure   Level  Hunger
a - Infusion              Chrm           #...         9%          1    ##.....

Your spell library contained the following spells:

 Spells                   Type           Power        Failure   Level  Hunger
 Regeneration             Chrm/Necr      #.........   50%         3    ####...
 Shroud of Golubria       Chrm/Tloc      #.........   28%         2    ###....
 Song of Slaying          Chrm           #.......     14%         2    ###....
 Spectral Weapon          Hex/Chrm       #.......     50%         3    ####...


Dungeon Overview and Level Annotations

Branches:
Dungeon (2/15)

Altars:


Innate Abilities, Weirdness & Mutations

You are small and have problems with some larger weapons.
You are somewhat resistant to further mutation.


Message History

The worm is severely wounded.
You hit the worm.
The worm is almost dead.
The worm bites you!
You hit the worm.
The worm is almost dead.
You barely miss the worm.
The worm is almost dead.
The worm barely misses you. The leopard gecko barely misses you.
You hit the worm but do no damage.
The worm is almost dead.
The leopard gecko completely misses you.
You hit the worm but do no damage.
The worm is almost dead.
The leopard gecko barely misses you. The worm bites you!
* * * LOW HITPOINT WARNING * * *
You hit the worm but do no damage.
The worm is severely wounded.
The leopard gecko barely misses you. The worm bites you!
You die...

............ ....#.....
........ ......
###....#.# #......#.#
#......#.# #..lw..#.# ..
. #...@....# ... ...
#........###.##
##...######.......#.....
..................#.....
.........#)###..........
..#......#†#....).......
#......#.#..........##
#....#.#†#........#.#
#..#.#.#.#........# #


You could see a worm and a leopard gecko.

Vanquished Creatures
  A dart slug (D:1)
  A bat (D:2)
  3 giant cockroaches
  4 goblins (D:1)
  5 hobgoblins (D:1)
  6 jackals
  A frilled lizard (D:1)
  5 kobolds
  5 rats
31 creatures vanquished.

Vanquished Creatures (others)
  5 toadstools (D:1)
5 creatures vanquished.

Grand Total: 36 creatures vanquished

Notes
Turn   | Place    | Note
-------+----------+-------------------------------------------
     0 | D:1      | Tuzaro the Halfling Skald began the quest for the Orb.
     0 | D:1      | Reached XP level 1. HP: 14/14 MP: 3/3
    76 | D:1      | Reached XP level 2. HP: 6/19 MP: 4/4
   622 | D:1      | Reached XP level 3. HP: 6/24 MP: 5/5
   630 | D:1      | Reached skill level 1 in Stealth
  1382 | D:2      | Slain by a worm

Skill      XL: |  1  2  3 |
---------------+----------+-----
Stealth        | 1 |  1.4
Fighting       | 2 |  2.0
Short Blades   | |  2.8
Armour         | |  1.2
Dodging        | |  2.8
Spellcasting   | |  1.7
Charms         | |  3.5

Action                   || total
-------------------------++-------
Melee: Short sword       ||   130
 Stab: Sleeping          ||     5
  Eat: Chunk             ||     1
Armor: Leather armour    ||    23
Dodge: Dodged            ||    89
